 Dungeon Crawl Stone Soup version 0.29-a0-490-g77b3608bb8 (webtiles) character file.

Game seed: 17827097616128515834

552 pokeman the Magician (level 7, 0/38 HPs)
             Began as a Deep Elf Hedge Wizard on May 26, 2022.
             Slain by an unseen horror (5 damage)
             ... on level 5 of the Dungeon.
             The game lasted 00:08:19 (4966 turns).

pokeman the Magician (Deep Elf Hedge Wizard)        Turns: 4966, Time: 00:08:20

Health: 0/38       AC:  4    Str:  7    XL:     7   Next: 8%
Magic:  7/20       EV: 12    Int: 21    God:
Gold:   326        SH:  0    Dex: 14    Spells: 10/21 levels left

rFire   . . .      SeeInvis .   i - +0 dagger (venom)
rCold   . . .      Faith    .   (no shield)
rNeg    . . .      Spirit   .   g - +0 leather armour
rPois   .          Reflect  .   c - +0 hat
rElec   .          Harm     .   t - +0 cloak
rCorr   +          Rampage  .   (no gloves)
Will    .....                   (no boots)
Stlth   ++........              (no amulet)
HPRegen 0.12/turn               p - ring of resist corrosion
MPRegen 0.17/turn               (no ring)

@: no status effects
A: no striking features
a: no special abilities


You were on level 5 of the Dungeon.
You visited 1 branch of the dungeon, and saw 5 of its levels.

You collected 326 gold pieces.

Inventory:

Hand Weapons
 i - a +0 dagger of venom (weapon)
Armour
 c - a +0 hat (worn)
 g - a +0 leather armour (worn)
 t - a +0 cloak (worn)
Jewellery
 p - a ring of resist corrosion (left hand)
Wands
 k - a wand of digging (5)
Scrolls
 a - 3 scrolls of fog {unknown}
 b - 4 scrolls of teleportation {unknown}
 f - a scroll of amnesia {unknown}
 h - 4 scrolls of identify {unknown}
 j - a scroll of summoning {unknown}
 n - a scroll of torment {unknown}
 q - a scroll of magic mapping {unknown}
 s - a scroll of immolation {unknown}
 u - a scroll of vulnerability {unknown}
 v - a scroll of fear {unknown}
Potions
 d - 4 potions of magic
 e - 2 potions of curing {unknown}
 l - 2 potions of lignification {unknown}
 m - 3 potions of heal wounds {unknown}
 o - a potion of cancellation {unknown}
 r - a potion of berserk rage {unknown}
 w - a potion of ambrosia {unknown}


   Skills:
 + Level 1.2 Fighting
 - Level 1.0 Armour
 - Level 3.0 Dodging
 - Level 3.1 Stealth
 * Level 7.6 Spellcasting
 + Level 3.7 Conjurations
 - Level 1.1 Summonings
 - Level 1.1 Translocations
 + Level 1.6 Fire Magic
 - Level 1.3 Air Magic
 - Level 1.3 Poison Magic
 - Level 1.3 Evocations


You had 10 spell levels left.
You knew the following spells:

 Your Spells              Type           Power      Damage    Failure   Level
a - Magic Dart            Conj           92%        1d7       2%          1
b - Mephitic Cloud        Conj/Pois/Air  17%        N/A       16%         3
c - Call Imp              Summ           12%        N/A       12%         2
d - Blink                 Tloc           24%        N/A       12%         2
e - Conjure Flame         Conj/Fire      19%        6-21      12%         3

Your spell library contained the following spells:

 Spells                   Type           Power      Damage    Failure   Level
 Beastly Appendage        Tmut           16%        N/A       12%         1
 Slow                     Hex            32%        N/A       12%         1
 Wereblood                Tmut           8%         N/A       19%         2
 Spider Form              Tmut/Pois      10%        N/A       26%         3


Dungeon Overview and Level Annotations

Branches:
Dungeon (5/15)             Temple (0/1) D:5

Altars:
Ashenzari
Qazlal


Message History

The iguana appears confused.
The iguana barely misses the orc.
The orc is engulfed in noxious fumes.
The orc appears confused.
Something hits you.
Deactivating autopickup; reactivate with Ctrl-A.
Unknown command.
You hit the orc.
You kill the orc!
Something hits you but does no damage.
The orc is engulfed in noxious fumes.
The orc appears confused.
The orc closely misses you.
The iguana is engulfed in noxious fumes.
The iguana appears confused.
The iguana bites the orc.
The orc is killed!
Unknown command.
You hit the orc.
You kill the orc!
Something hits you! x2
The iguana is engulfed in noxious fumes.
The iguana appears confused.
Unknown command.
Casting: Mephitic Cloud (quite dangerous; 16% risk of failure)
Confirm with . or Enter, or press ? or * to list all spells.
The spell is quite dangerous to miscast (16% risk of failure)!
Continue anyway?
Aiming: Mephitic Cloud (quite dangerous; 16% risk of failure)
Press: ? - help, Shift-Dir - straight line That beam is likely to hit you.
Continue anyway?
The ball explodes into a vile cloud!
The stinking cloud engulfs something but does no damage.
The stinking cloud engulfs you but does no damage.
Something hits you.
* * * LOW HITPOINT WARNING * * *
Unknown command.
Unknown command.
Something hits you.
* * * LOW HITPOINT WARNING * * *
Something barely misses you.
Casting: Mephitic Cloud (quite dangerous; 16% risk of failure)
Confirm with . or Enter, or press ? or * to list all spells.
A beastly little devil appears in a puff of flame.
Something hits you.
You die...

...............
......?........
..o............
#..............
#o........... ####
##)...8⌠.. #..####
##..#......
##....#####).##
.8⌠.> #..#@{5.)).##
.....
#..####..######.8⌠.#
#...# ##...........#
#...# ##......... #
#...## #.........
#....# #.........
#....# ##........
#....# #.#######
#....# ##.#


You could see a friendly crimson imp (summoned).

Vanquished Creatures
  A sky beast (D:4)
  2 ogres (D:4)
  An orc priest (D:5)
  Natasha (D:3)
  An iguana (D:4)
  An orc wizard (D:5)
  4 gnolls
  3 adders
  An ufetubus (D:4)
  A worm (D:2)
  6 dart slugs
  14 orcs
  6 endoplasms
  2 giant cockroaches (D:1)
  4 goblins
  5 hobgoblins
  7 jackals (D:4)
  3 quokkas
  11 ball pythons
  6 bats
  3 frilled lizards
  6 kobolds
  5 rats
94 creatures vanquished.

Notes
Turn   | Place    | Note
-------+----------+-------------------------------------------
     0 | D:1      | pokeman the Deep Elf Hedge Wizard began the quest for the
                  | Orb.
     0 | D:1      | Reached XP level 1. HP: 10/10 MP: 7/7
   267 | D:1      | Reached XP level 2. HP: 15/15 MP: 6/9
   539 | D:1      | Found a faded altar of an unknown god.
   549 | D:1      | Reached skill level 5 in Spellcasting
   854 | D:1      | Reached XP level 3. HP: 20/20 MP: 6/11
   858 | D:1      | Learned a level 3 spell: Mephitic Cloud
   861 | D:1      | Learned a level 2 spell: Call Imp
   864 | D:1      | Learned a level 2 spell: Blink
   868 | D:1      | Learned a level 3 spell: Conjure Flame
  1354 | D:2      | Reached skill level 1 in Armour
  1444 | D:2      | Identified the +5 ring mail "Utero" {-Tele rPois SInv}
  1927 | D:3      | Reached skill level 1 in Fighting
  2079 | D:3      | Noticed Natasha
  2096 | D:3      | Killed Natasha
  2097 | D:3      | Reached XP level 4. HP: 15/25 MP: 2/13
  2735 | D:3      | Found a stormy altar of Qazlal.
  2827 | D:3      | Reached skill level 1 in Fire Magic
  3065 | D:3      | Identified the +4 ring mail "Damef" {Slay+2}
  3319 | D:4      | Reached skill level 6 in Spellcasting
  3320 | D:4      | Reached XP level 5. HP: 29/29 MP: 6/15
  3718 | D:4      | Noticed an ogre
  3729 | D:4      | Killed an ogre
  3730 | D:4      | Reached skill level 1 in Air Magic
  3901 | D:4      | Noticed a sky beast
  3922 | D:4      | Killed a sky beast
  3923 | D:4      | Reached skill level 7 in Spellcasting
  3923 | D:4      | Reached XP level 6. HP: 19/34 MP: 12/18
  4099 | D:4      | Reached skill level 1 in Poison Magic
  4099 | D:4      | Reached skill level 1 in Evocations
  4562 | D:4      | Found a broken altar of Ashenzari.
  4577 | D:5      | Entered Level 5 of the Dungeon
  4870 | D:5      | Reached XP level 7. HP: 38/38 MP: 17/20
  4939 | D:5      | Found a staircase to the Ecumenical Temple.
  4966 | D:5      | Slain by an unseen horror

Illustrated notes

Levels and vault maps discovered:
D:1:      minmay_arrival_cross, layout_rooms, hellmonk_ecumenical_altar_lost_god
D:2:      layout_rooms
D:3:      minmay_inner_zag, layout_basic, lemuel_tele_altar,
          ebering_dispersal_statue_hall, uniq_natasha
D:4:      layout_cave_pods, general_overflow_altar
D:5:      nicolae_BIG_FREAKIN_CUBE, layout_cave_pods,
          minmay_temple_entry_drinking_statues, roderic_serpentine_path,
          uniq_edmund, uniq_menkaure

Skill      XL: |  1  2  3  4  5  6 |
---------------+-------------------+-----
Spellcasting   | 5 6 7 |  7.6
Armour         | 1 |  1.0
Fighting       | 1 |  1.2
Conjurations   | 2 3 |  3.7
Fire Magic     | 1 |  1.6
Dodging        | 3 |  3.0
Stealth        | 3 |  3.1
Air Magic      | 1 |  1.3
Poison Magic   | 1 |  1.3
Evocations     | 1 |  1.3
Summonings     | |  1.1
Translocations | |  1.1

Action                   |  1- 3 |  4- 6 |  7- 9 || total
-------------------------+-------+-------+-------++-------
Melee: Dagger            |    13 |    54 |    10 ||    77
       Punch             |       |     3 |       ||     3
 Cast: Magic Dart        |    92 |   112 |     3 ||   207
       Mephitic Cloud    |     1 |     7 |     3 ||    11
       Blink             |       |     1 |       ||     1
       Call Imp          |       |       |     1 ||     1
 Stab: Sleeping          |       |     1 |       ||     1
       Confused          |       |     6 |       ||     6
Armor: Robe              |     1 |       |       ||     1
       Leather armour    |     2 |    39 |     1 ||    42
Dodge: Dodged            |    19 |    79 |     8 ||   106

Table legend: (Time is in decaauts)
 A = Elapsed time spent in this place.
 B = Non-inter-level travel time spent in this place.
 C = Inter-level travel time spent in this place.
 D = Time resting spent in this place.
 E = Time spent auto-exploring this place.
 F = Levels seen in this place.
 G = Mean time per level.
                   A        B        C        D        E       F      G
               +--------+--------+--------+--------+--------+-----+--------+
         Total |   4964 |   4916 |     48 |    389 |   3931 |   5 |  992.8 |
       Dungeon |   4964 |   4916 |     48 |    389 |   3931 |   5 |  992.8 |
               +--------+--------+--------+--------+--------+-----+--------+

Top non-repeatable levels by time:
     D:4: 1670 daAuts
     D:3: 1272 daAuts
     D:1: 1192 daAuts
     D:2: 719 daAuts
     D:5: 109 daAuts
